 Dungeon Crawl Stone Soup version 0.22-a0-259-gdd11e71 (webtiles) character file.

87 kuniqs the Shooter (level 4, 34/34 HPs)
             Began as a Gnoll Wanderer on Mar 5, 2018.
             Quit the game on level 2 of the Dungeon.
             The game lasted 00:03:47 (2681 turns).

kuniqs the Shooter (Gnoll Wanderer)                 Turns: 2681, Time: 00:03:48

Health: 34/34      AC:  2    Str: 14    XL:     4   Next: 51%
Magic:  6/6        EV: 13    Int: 16    God:
Gold:   28         SH:  0    Dex: 14    Spells: 5/5 levels left

rFire    . . .     SeeInvis .   q - +0 trident
rCold    . . .     Gourm    .   (no shield)
rNeg     . . .     Faith    .   d - +0 robe
rPois    .         Spirit   .   (no helmet)
rElec    .         Reflect  .   (no cloak)
rCorr    .         Harm     .   (no gloves)
MR       .....                  (no boots)
Stlth    ++........             (no amulet)
HPRegen  0.11/turn              (no ring)
MPRegen  0.10/turn              (no ring)

@: no status effects
A: distributed training, fangs 1, strong nose
a: no special abilities


You were on level 2 of the Dungeon.
You were not hungry.

You visited 1 branch of the dungeon, and saw 3 of its levels.

You collected 28 gold pieces.

Inventory:

Hand Weapons
 q - a +0 trident (weapon)
Armour
 d - a +0 robe (worn)
Jewellery
 j - an uncursed ring of protection from magic {unknown}
Wands
 a - a wand of paralysis (10)
Scrolls
 c - 3 scrolls of teleportation
 h - a scroll of enchant weapon {unknown}
 i - a scroll of remove curse {unknown}
 k - 4 scrolls of amnesia {unknown}
 o - a scroll of noise {unknown}
Potions
 b - 2 potions of curing {@q1}
 e - 2 potions of brilliance {unknown}
 g - 3 potions of heal wounds {unknown}
 l - a potion of lignification {unknown}
 m - 2 potions of flight {unknown}
 n - a potion of haste {unknown}
 p - a potion of degeneration {unknown}
Comestibles
 f - 2 rations
 r - 4 chunks of flesh


   Skills:
 + Level 2.7 Fighting
 + Level 1.1 Short Blades
 + Level 4.6 Long Blades
 + Level 1.1 Axes
 + Level 1.1 Maces & Flails
 + Level 1.1 Polearms
 + Level 1.1 Staves
 + Level 1.1 Slings
 + Level 6.6 Bows
 + Level 1.1 Crossbows
 + Level 1.1 Throwing
 + Level 1.1 Armour
 + Level 2.7 Dodging
 + Level 2.5 Stealth
 + Level 2.7 Shields
 + Level 1.1 Unarmed Combat
 + Level 1.1 Spellcasting
 + Level 0.9 Conjurations
 + Level 0.9 Hexes
 + Level 0.9 Charms
 + Level 0.9 Summonings
 + Level 0.9 Necromancy
 + Level 0.9 Translocations
 + Level 0.9 Transmutations
 + Level 0.9 Fire Magic
 + Level 0.9 Ice Magic
 + Level 0.9 Air Magic
 + Level 0.9 Earth Magic
 + Level 0.9 Poison Magic
 + Level 1.2 Invocations
 + Level 2.7 Evocations


You had 5 spell levels left.
You didn't know any spells.

Dungeon Overview and Level Annotations

Branches:
Dungeon (3/15)

Altars:
Gozag
Okawaru

Shops:
D:2 *


Innate Abilities, Weirdness & Mutations

Your experience applies equally to all skills.
You have very sharp teeth.
Your uncanny sense of smell can sniff out nearby items.


Message History

You closely miss the hobgoblin.
You bite the hobgoblin, but do no damage.
The hobgoblin closely misses you.
You hit the hobgoblin. The hobgoblin hits you. The hobgoblin barely misses you.
You puncture the hobgoblin!
You kill the hobgoblin!
No target in view!
No target in view!
No target in view!
Eating one of 5 chunks of flesh.
You eat one of the 5 chunks of flesh.
Found 22 arrows.
No target in view!
No target in view!
No target in view!
You see here 22 arrows.
Found Gozag's Platinum Reserve.
k - 4 scrolls labeled KINEFE BYORIXU (gained 1)
Found a stone staircase leading down.
There is an opulent altar of Gozag here.
There is an entrance to Gozag's Platinum Reserve here.

####### #############......
.............##### #######
#.#.#######..#.... #.....#
####.#.#######..#.### #.....#
#≈≈≈≈≈≈≈....##..#.# #.....#
#≈.....≈≈≈≈.##..#.# ####.....##
#≈.⌠.⌠....≈.##..#.# ..........#
#≈..@..._....#..#.#
####......#..≈.⌠.⌠....≈.....#.#
#########.###≈.....≈≈≈≈.##..#.###
.............≈≈≈≈≈≈≈.........>..#
....#####.#.##############..#.#.#
....# #.#.# #..#.#.# ....# #.#(#
#..#.#.#
....#####.#.##############..#.#(#
........................###.#.#.#


There were no monsters in sight!

Vanquished Creatures
  2 gnolls (D:2)
  An adder (D:2)
  2 dart slugs (D:1)
  2 leopard geckos (D:1)
  3 orcs (D:2)
  3 giant cockroaches (D:2)
  5 hobgoblins
  A quokka (D:2)
  5 bats
  4 frilled lizards
  10 goblins
  9 kobolds
  5 rats
52 creatures vanquished.

Notes
Turn   | Place    | Note
-------+----------+-------------------------------------------
     0 | D:1      | kuniqs the Gnoll Wanderer began the quest for the Orb.
     0 | D:1      | kuniqs set off with: a wand of paralysis (15), a potion of curing {@q1}, a scroll of teleportation, a +0 robe, a +0 club, a ration
     0 | D:1      | Reached XP level 1. HP: 17/17 MP: 2/2
   308 | D:1      | Reached XP level 2. HP: 15/23 MP: 3/3
   699 | D:1      | Reached XP level 3. HP: 11/28 MP: 4/4
  1218 | D:2      | Found an opulent altar of Gozag.
  1411 | D:2      | Reached skill level 1 in Invocations
  1690 | D:2      | Found an iron altar of Okawaru.
  1697 | D:2      | Reached skill level 1 in Short Blades
  1697 | D:2      | Reached skill level 1 in Axes
  1697 | D:2      | Reached skill level 1 in Maces & Flails
  1697 | D:2      | Reached skill level 1 in Polearms
  1697 | D:2      | Reached skill level 1 in Staves
  1697 | D:2      | Reached skill level 1 in Slings
  1697 | D:2      | Reached skill level 1 in Crossbows
  1697 | D:2      | Reached skill level 1 in Throwing
  1697 | D:2      | Reached skill level 1 in Armour
  1697 | D:2      | Reached skill level 1 in Unarmed Combat
  1697 | D:2      | Reached skill level 1 in Spellcasting
  1905 | D:2      | Reached XP level 4. HP: 20/34 MP: 6/6
  2601 | D:2      | Found Gozag's Platinum Reserve.
  2681 | D:2      | Quit the game

Vault maps used:
D:1:      minmay_arrival_hallway
D:2:      minmay_wonky_spiral, nicolae_gozag_zags_fifth_avenue,
          okawaru_altar_gauntlet_db

Skill      XL: |  1  2  3 |
---------------+----------+-----
Invocations    | 1 |  1.2
Short Blades   | 1 |  1.1
Axes           | 1 |  1.1
Maces & Flails | 1 |  1.1
Polearms       | 1 |  1.1
Staves         | 1 |  1.1
Slings         | 1 |  1.1
Crossbows      | 1 |  1.1
Throwing       | 1 |  1.1
Armour         | 1 |  1.1
Unarmed Combat | 1 |  1.1
Spellcasting   | 1 |  1.1
Fighting       | |  2.7
Long Blades    | |  4.6
Bows           | |  6.6
Dodging        | |  2.7
Stealth        | |  2.5
Shields        | |  2.7
Conjurations   | |  0.9
Hexes          | |  0.9
Charms         | |  0.9
Summonings     | |  0.9
Necromancy     | |  0.9
Translocations | |  0.9
Transmutations | |  0.9
Fire Magic     | |  0.9
Ice Magic      | |  0.9
Air Magic      | |  0.9
Earth Magic    | |  0.9
Poison Magic   | |  0.9
Evocations     | |  2.7

Action                   |  1- 3 |  4- 6 || total
-------------------------+-------+-------++-------
Melee: Club              |    36 |       ||    36
       Bite              |    19 |     3 ||    22
       Short sword       |   124 |    21 ||   145
       Punch             |     1 |       ||     1
       Trident           |       |    18 ||    18
Evoke: Wand              |     5 |       ||     5
 Stab: Paralysed         |     4 |       ||     4
       Sleeping          |     2 |     3 ||     5
  Eat: Chunk             |     3 |     3 ||     6
Armor: Robe              |    27 |     2 ||    29
Dodge: Dodged            |   136 |    20 ||   156

Table legend:
 A = Spawn XP
 B = Non-spawn XP
 C = Spawn XP percentage of total XP
 D = Spawn monster count
 E = Non-spawn monster count
 F = Spawn count percentage of total count
 G = Total turns spent on level
                    A         B        C        D         E        F      G
               +---------+---------+-------+---------+---------+-------+---------
         Total |       0 |     125 |   0.0 |       0 |      52 |   0.0 |  2681
               +---------+---------+-------+---------+---------+-------+---------
           D:1 |       0 |      45 |   0.0 |       0 |      27 |   0.0 |  1194
           D:2 |       0 |      80 |   0.0 |       0 |      25 |   0.0 |  1313
               +---------+---------+-------+---------+---------+-------+---------
